Map: Altitude LE

Players

ReesesPieces - Winner!

  • Race: Protoss Protoss
  • League: Master
  • Spawn Location: 7:00

Epic

  • Race: Terran Terran
  • League: Master
  • Spawn Location: 1:00

VOD

Have the link to the VOD?

Description

Time

  • Played on: May 16, 2023, 6 p.m.
  • Length: 11:30
Show
View Real Time Build Order
Export as new Build Order

ReesesPieces Protoss - Winner!

Build Orders: 1 Gate Expand, Oracle Opening, Carriers 

Get SALT Encoding   

  12  0:00  Probe  
  13  0:12  Probe  
  14  0:19  Pylon  
  14  0:24  Probe (Chrono Boost)  
  15  0:37  Probe (Chrono Boost)  
  15  0:39  Gateway  
  16  0:45  Probe (Chrono Boost)  
  16  0:47  Assimilator  
  17  0:57  Probe  
  18  1:09  Probe  
  19  1:21  Probe  
  20  1:28  Cybernetics Core  
  22  1:38  Nexus  
  20  1:44  Pylon  
  20  1:48  Probe  
  20  1:54  Assimilator  
  21  2:00  Probe  
  22  2:02  Adept (Chrono Boost)  
  24  2:12  Probe  
  25  2:18  Stargate  
  25  2:24  Probe  
  25  2:26  Adept (Chrono Boost)  
  28  2:32  Warp Gate  
  28  2:37  Probe  
  29  2:49  Probe  
  29  2:50  Adept  
  33  2:51  Probe  
  33  3:00  Oracle (Chrono Boost)  
  33  3:01  Probe  
  33  3:04  Probe  
  38  3:09  Pylon  
  38  3:15  Probe (Chrono Boost)  
  38  3:16  Probe (Chrono Boost)  
  42  3:28  Probe (Chrono Boost)  
  42  3:32  Probe (Chrono Boost)  
  42  3:33  Pylon  
  42  3:35  Probe (Chrono Boost)  
  42  3:38  Probe  
  42  3:40  Void Ray (Chrono Boost)  
  48  3:46  Probe  
  48  3:47  Shield Battery  
  49  3:51  Probe  
  50  3:58  Probe  
  48  4:03  Probe  
  48  4:04  Assimilator  
  48  4:05  Assimilator  
  49  4:10  Probe, Void Ray (Chrono Boost)  
  49  4:15  Probe  
  55  4:22  Shield Battery, Probe  
  55  4:23  Zealot  
  58  4:27  Probe  
  58  4:29  Shield Battery  
  59  4:35  Fleet Beacon  
  59  4:38  Probe  
  60  4:41  Pylon  
  60  4:44  Probe  
  61  4:50  Probe  
  62  4:54  Pylon  
  62  4:59  Probe  
  63  5:05  Stargate  
  63  5:11  Pylon  
  69  5:23  Carrier (Chrono Boost)  
  69  5:28  Protoss Air Weapons Level 1  
  69  5:29  Pylon  
  69  5:30  Probe  
  69  5:31  Probe  
  69  5:33  Pylon  
  71  5:35  Sentry  
  71  5:39  Nexus  
  73  5:43  Probe  
  73  5:44  Probe  
  75  5:52  Pylon  
  75  5:56  Probe, Carrier (Chrono Boost)  
  82  6:00  Probe  
  83  6:06  Shield Battery  
  83  6:08  Probe  
  84  6:12  Probe  
  84  6:16  Pylon  
  85  6:20  Probe  
  85  6:24  Probe, Carrier (Chrono Boost)  
  93  6:29  Sentry  
  95  6:33  Probe  
  95  6:36  Probe, Assimilator  
  95  6:37  Assimilator  
  95  6:38  Forge  
  97  6:45  Probe  
  97  6:46  Shield Battery  
  98  6:53  Carrier (Chrono Boost)  
  104  7:05  Stargate  
  104  7:08  Probe  
  105  7:10  Zealot  
  107  7:18  Photon Cannon  
  107  7:21  Photon Cannon  
  107  7:23  Shield Battery  
  107  7:25  Photon Cannon  
  107  7:26  Photon Cannon  
  107  7:31  Sentry  
  107  7:33  Shield Battery x2  
  107  7:34  Pylon  
  107  7:37  Shield Battery  
  115  8:00  Carrier (Chrono Boost)  
  121  8:06  Carrier (Chrono Boost)  
  121  8:07  Carrier (Chrono Boost)  
  121  8:17  Probe  
  104  8:24  Zealot  
  106  8:35  Robotics Facility  
  106  8:37  Probe  
  106  8:41  Nexus  
  107  8:42  Pylon  
  107  8:43  Probe x2, Protoss Shields Level 1 (Chrono Boost)  
  107  8:48  Protoss Air Weapons Level 2 (Chrono Boost)  
  109  8:49  Probe  
  104  8:56  Carrier (Chrono Boost)  
  104  8:59  Probe  
  117  9:14  Carrier (Chrono Boost)  
  117  9:16  Stargate  
  117  9:18  Pylon  
  121  9:25  Carrier (Chrono Boost)  
  121  9:35  Robotics Bay  
  121  9:41  Probe  
  121  9:44  Observer  
  123  9:46  Photon Cannon  
  123  9:47  Photon Cannon  
  123  9:48  Shield Battery  
  123  9:50  Shield Battery  
  123  9:54  Pylon  
  123  9:57  Probe  
  124  10:08  Carrier  
  130  10:14  Pylon  
  130  10:17  Probe  
  132  10:28  Probe  
  140  11:03  Pylon  
  139  11:16  Pylon x2  
  139  11:21  Nexus  
  139  11:29  Pylon  
Show
View Real Time Build Order
Export as new Build Order

Epic Terran 

Build Orders: Cyclone Opening 

Get SALT Encoding   

  12  0:00  SCV  
  13  0:12  SCV  
  14  0:17  Supply Depot  
  14  0:24  SCV  
  15  0:39  SCV  
  15  0:40  Barracks  
  16  0:44  Refinery  
  16  0:51  SCV  
  16  0:57  Refinery  
  17  1:03  SCV  
  18  1:15  SCV  
  19  1:27  Reaper, Orbital Command  
  19  1:28  Supply Depot  
  20  1:42  Factory  
  20  1:53  SCV  
  21  1:59  Barracks Reactor  
  21  2:05  SCV  
  22  2:17  Command Center  
  22  2:20  SCV  
  23  2:25  Factory Tech Lab  
  23  2:32  SCV  
  23  2:35  Marine x2  
  26  2:38  Supply Depot  
  26  2:44  Cyclone  
  29  2:47  SCV  
  30  2:54  Marine  
  31  2:59  SCV, Marine  
  31  3:05  Starport  
  33  3:12  SCV  
  33  3:19  Siege Tank  
  36  3:20  Marine x2  
  36  3:24  SCV  
  39  3:30  Orbital Command  
  39  3:37  SCV  
  39  3:40  Medivac  
  42  3:43  Supply Depot  
  42  3:45  Marine  
  42  3:48  Marine  
  43  3:49  SCV  
  45  3:57  SCV  
  45  4:00  Siege Tank  
  45  4:01  SCV  
  50  4:07  Barracks  
  50  4:11  SCV  
  50  4:13  SCV  
  52  4:22  Supply Depot, Barracks  
  52  4:23  SCV  
  53  4:25  SCV  
  53  4:28  Marine  
  53  4:29  Marine  
  56  4:33  Bunker  
  56  4:38  SCV x2  
  58  4:43  Siege Tank  
  61  4:46  Marine x2  
  61  4:50  SCV x2  
  56  4:54  Engineering Bay  
  56  5:02  Viking  
  57  5:07  Marine x3  
  57  5:09  Marine  
  61  5:15  Siege Tank  
  64  5:22  SCV x2  
  64  5:24  Supply Depot  
  64  5:26  Missile Turret, Barracks Tech Lab  
  64  5:27  Barracks Tech Lab  
  66  5:29  Marine x2  
  66  5:32  Refinery  
  66  5:33  Starport Reactor  
  66  5:35  SCV x2  
  70  5:39  Terran Infantry Weapons Level 1  
  70  5:42  Refinery  
  70  5:43  Supply Depot  
  70  5:44  Supply Depot  
  70  5:53  Marine x2  
  70  5:54  SCV, Marine x2  
  70  5:55  SCV  
  70  5:56  Stimpack  
  76  6:08  SCV x2  
  76  6:09  Combat Shield  
  78  6:11  Barracks  
  78  6:12  Barracks  
  78  6:18  Marauder x2, Marine x2  
  84  6:26  Medivac  
  84  6:28  SCV x2  
  84  6:31  Supply Depot  
  84  6:32  Supply Depot  
  88  6:34  Medivac  
  88  6:38  Marine x2  
  92  6:44  Supply Depot, Factory Reactor  
  92  6:45  Marauder  
  94  6:52  Marauder  
  96  6:55  Marine  
  96  6:56  Marine  
  96  6:57  Supply Depot  
  96  7:00  Concussive Shells  
  101  7:01  Marauder  
  101  7:03  Barracks Reactor  
  100  7:14  Marine x2  
  100  7:15  Marine x2  
  102  7:21  Supply Depot  
  102  7:22  Medivac x2, Marine, Command Center  
  109  7:26  SCV x2  
  111  7:33  Widow Mine x2  
  111  7:36  Supply Depot  
  115  7:39  SCV x2  
  115  7:43  Marine x6  
  123  7:45  Marine  
  123  8:01  SCV x2  
  123  8:02  Marine x2  
  123  8:03  Marine x5  
  131  8:10  Medivac x2  
  114  8:23  SCV x2, Marine  
  114  8:24  Marine x5  
  108  8:31  Widow Mine x2  
  108  8:34  Orbital Command  
  107  8:37  SCV x2  
  105  8:42  Medivac x2, Barracks Reactor  
  106  8:48  Marine  
  106  8:49  Marine x5  
  98  9:00  SCV x3  
  94  9:03  Widow Mine x2  
  94  9:06  Missile Turret, Marine  
  94  9:07  Missile Turret  
  93  9:10  Marine x5  
  93  9:12  Viking x2  
  93  9:17  Terran Infantry Armor Level 1  
  97  9:26  Marine x3  
  97  9:27  Marine  
  97  9:28  Marine x4  
  105  9:44  Marine x3  
  105  9:45  Marine  
  104  9:51  Medivac  
  109  9:54  Marine  
  109  9:55  Marine  
  109  9:57  Command Center  
  109  9:58  Medivac  
  111  10:02  Marine x4  
  111  10:05  SCV x3  
  118  10:07  Command Center  
  118  10:17  Marine x5  
  118  10:18  Siege Tank  
  118  10:19  Marine  
  99  10:36  Marine x6  
  99  10:37  Marine  
  71  10:52  Siege Tank  
  71  10:54  Marine x6  
  71  10:55  Marine  
Tags
 
Add a new tag
Caveats
  • Supply blocks, unpowered buildings, or Contaminate may cause inaccurate times.
  • Supply counts are checked every 10 seconds.